Cogmind - Beta 11.1 @@@ ROGUE MODE // 2022.06.01 @ 09:35:21 Player: Demise Result: Destroyed by D-53 Grenadier with Mini Grenade Launcher Performance ------------- Evolutions (0) 0 Regions Visited (4) 800 Robots Destroyed (53) 265 Value Destroyed (1100) 1100 Prototype IDs (15) 300 Alien Tech Used (0) 0 Bonus (-132) -132 TOTAL SCORE: 2333 Bonus ------- High Alert Combat Kills 16 Follower Combat Kills 7 Friendly Fire -155 Cogmind --------- Core Integrity 0/250 Matter 214/300 Energy 264/280 System Corruption 0% Temperature Cool (0) Movement Rolling (115) Ox2 Location -9/Mines Parts ------- > --- POWER (1) -------- Heavy Ion Engine > --- PROPULSION (2) --- Wheel Armored Wheel > --- UTILITY (2) ------ High-capacity Storage Unit Hardened Light Armor Plating > --- WEAPON (2) ------- Heavy Assault Rifle Heavy Assault Rifle > --- INVENTORY (20) --- Nuclear Core Nuclear Core Fission Core Wheel Wheel Wheel Wheel Machine Analyzer Signal Interpreter Seismic Detector Improved Targeting Computer Weapon Shielding Hardened Light Armor Plating Hardened Light Armor Plating Heavy Assault Rifle Heavy Assault Rifle Autogun Autogun Grenade Launcher Datajack Peak State ------------ > --- POWER ------------ Heavy Ion Engine > --- PROPULSION ------- Wheel Armored Wheel > --- UTILITY ---------- High-capacity Storage Unit Hardened Light Armor Plating > --- WEAPON ----------- Heavy Assault Rifle Heavy Assault Rifle > --- INVENTORY -------- Nuclear Core Nuclear Core Fission Core Wheel Wheel Wheel Wheel Machine Analyzer Signal Interpreter Seismic Detector Improved Targeting Computer Weapon Shielding Hardened Light Armor Plating Hardened Light Armor Plating Heavy Assault Rifle Heavy Assault Rifle Autogun Autogun Grenade Launcher Datajack [Rating: 16] Favorites ----------- Power Heavy Ion Engine Engine Heavy Ion Engine Propulsion Wheel Wheel Wheel Hover Unit Improved Hover Unit Utility Seismic Detector Device Seismic Detector Storage Large Storage Unit Protection Hardened Light Armor Plating Weapon Heavy Assault Rifle Ballistic Gun Heavy Assault Rifle Launcher Grenade Launcher Special Melee Weapon Datajack Build | -11 -10 -10 -10 -9 ------- Run | Scr Mat Min Exi Min Slots Evolved . | . . . . . Power . | . . . . . Propulsion . | . . . . . Utility . | . . . . . Weapon . | . . . . . Parts Attached 49 | 7 29 5 2 6 Power 4 | 1 3 . . . Engine 4 | 1 3 . . . Core . | . . . . . Reactor . | . . . . . Propulsion 16 | 2 10 2 . 2 Treads . | . . . . . Leg . | . . . . . Wheel 14 | 2 8 2 . 2 Hover 2 | . 2 . . . Flight . | . . . . . Utility 16 | 2 10 2 1 1 Device 7 | 1 4 2 . . Storage 4 | 1 2 . 1 . Processor . | . . . . . Hackware . | . . . . . Protection 5 | . 4 . . 1 Artifact . | . . . . . Weapon 13 | 2 6 1 1 3 Energy Gun . | . . . . . Energy Cannon . | . . . . . Ballistic Gun 11 | 2 6 1 . 2 Ballistic Cannon . | . . . . . Launcher 1 | . . . . 1 Special Weapon . | . . . . . Impact Weapon . | . . . . . Slashing Weapon . | . . . . . Piercing Weapon . | . . . . . Special Melee Weapon 1 | . . . 1 . Unidentified Prototypes 1 | . 1 . . . Parts Lost 1 | . 1 . . . Power . | . . . . . Propulsion . | . . . . . Utility 1 | . 1 . . . Weapon . | . . . . . Highest Loss Streak 1 | . 1 . . . To Critical Strikes . | . . . . . Average Slot Usage (%) 99 | . 98 100 100 100 Engine 14 | . 14 14 14 14 Wheel 27 | . 27 28 28 28 Device 12 | . 9 14 14 12 Storage 14 | . 14 14 14 14 Protection 1 | . 2 . . 1 Ballistic Gun 25 | . 28 28 15 23 Special Melee Weapon 2 | . . . 12 3 Naked Turns . | . . . . . Heaviest Build 55 | 12 39 35 53 55 Greatest Support 28 | 20 22 28 22 22 Greatest Overweight (x) 3 | . 3 1 2 2 Average Overweight (x) . | . . 1 1 2 Largest Inventory Capacity 20 | 8 15 15 20 20 Average Capacity 13 | 7 10 15 18 20 Most Carried 20 | 8 15 15 18 20 Average Carried 12 | 3 10 15 15 19 Final Capacity 20 | 8 15 15 20 20 Final Carried 20 | 8 15 15 18 20 Class Distribution -------------------- 100% | Mutant Dominant Class ---------------- Mutant | -10/Materials Mutant | -10/Mines Mutant | -10/Exiles Mutant | -9/Mines Resources | -11 -10 -10 -10 -9 ----------- Run | Scr Mat Min Exi Min Matter Collected 1292 | 326 729 218 . 19 Remotely . | . . . . . Salvage Created 1805 | 214 1036 536 . 19 Parts 115 | 18 62 32 . 3 Haulers Intercepted 2 | . 2 . . . Recyclers Shooed 2 | . . . . 2 Parts Field Recycled . | . . . . . Retrieved Matter . | . . . . . Parts Self-Destructed . | . . . . . Prevented . | . . . . . Kills | -11 -10 -10 -10 -9 ------- Run | Scr Mat Min Exi Min Combat Hostiles Destroyed 31 | . 21 10 . . Guns 31 | . 21 10 . . Classes Destroyed 10 | 3 6 1 . . Worker 7 | 2 3 2 . . Builder 2 | . 1 1 . . Tunneler 6 | 5 . . . 1 Hauler 2 | . 2 . . . Recycler 1 | 1 . . . . Mechanic 1 | . 1 . . . Watcher 3 | . 3 . . . Swarmer 4 | . 3 1 . . Grunt 26 | . 18 8 . . Assembled 1 | . . 1 . . Thug 1 | . . 1 . . Best Kill Streak 6 | 6 5 2 . 1 Combat Bots Only 5 | . 5 2 . . Max Kills in Single Turn 2 | 1 1 2 . 1 Gunslinging 1 | . . 1 . . Exploded . | . . . . . Melee . | . . . . . Uniques/NPCs Destroyed . | . . . . . Combat | -11 -10 -10 -10 -9 -------- Run | Scr Mat Min Exi Min Damage Taken 1319 | . 814 162 . 343 Core 268 | . 142 32 . 94 Absorbed by Shields . | . . . . . Regen/Repaired (Parts) 76 | . 76 . . . Core Remaining (%) 100 | 100 . . . . Volleys Fired 133 | 14 88 29 . 2 Largest 2 | 2 2 2 . 2 Hottest 53 | 40 46 46 . 53 Shots Fired 266 | 28 176 58 . 4 Gun 265 | 28 176 58 . 3 Cannon . | . . . . . Launcher 1 | . . . . 1 Special . | . . . . . Kinetic 265 | 28 176 58 . 3 Thermal . | . . . . . Explosive 1 | . . . . 1 Electromagnetic . | . . . . . Robot Hit Streak 20 | 13 20 8 . 2 Robot Miss Streak 4 | 1 3 4 . 2 Penetration Max . | . . . . . Secondary Targets 7 | . 6 1 . . Max Gunslinging Chain 1 | . 1 1 . . Shots Hit Robots 178 | 21 119 31 4 3 Core Hits 83 | 12 48 17 . 6 Critical Kills . | . . . . . Critical Parts Destroyed 1 | 1 . . . . Critical Strikes 1 | 1 . . . . Destroy 1 | 1 . . . . Melee Attacks 5 | . . . 4 1 Impact . | . . . . . Slashing . | . . . . . Piercing . | . . . . . Sneak Attacks 5 | . . . 4 1 Combat Hostiles . | . . . . . Follow-up Attacks . | . . . . . Damage Inflicted 2435 | 226 1595 524 . 90 Guns 2377 | 226 1595 524 . 32 Cannons . | . . . . . Explosions 58 | . . . . 58 Melee . | . . . . . Ramming . | . . . . . Kinetic 2377 | 226 1595 524 . 32 Thermal . | . . . . . Explosive 58 | . . . . 58 Electromagnetic . | . . . . . Impact . | . . . . . Slashing . | . . . . . Piercing . | . . . . . Highest Corruption . | . . . . . Average Corruption . | . . . . . Corruption Purged . | . . . . . Corruption Blocked . | . . . . . Overload Shots . | . . . . . Overflow Damage . | . . . . . Projectiles . | . . . . . Explosions . | . . . . . Melee . | . . . . . Knockbacks . | . . . . . Impact . | . . . . . Kinetic . | . . . . . Secondary . | . . . . . Self-Inflicted Damage 13 | . . . . 13 Shots 1 | . . . . 1 Rammed . | . . . . . Targets Rammed . | . . . . . Kicked . | . . . . . Crushed . | . . . . . Highest Temperature 74 | . 74 8 . 9 Average Temperature 17 | . 19 2 . 6 Received Heat Transfer 444 | . 372 72 . . Siege Activations . | . . . . . Robots Corrupted . | . . . . . Combat Hostiles . | . . . . . Parts Fried . | . . . . . Impact Corruptions . | . . . . . Robots Melted . | . . . . . Combat Hostiles . | . . . . . Parts Melted . | . . . . . Heat Transferred . | . . . . . Parts Sabotaged . | . . . . . Parts Stolen . | . . . . . Parts Stripped . | . . . . . Power Chain Reactions . | . . . . . Missiles Intercepted . | . . . . . Alert | -11 -10 -10 -10 -9 ------- Run | Scr Mat Min Exi Min Peak Influence 469 | 40 469 197 . 17 Initial 157 | . 26 157 . . Average 171 | 18 285 91 . 4 Maximum Alert Level 2 | . 2 . . . Low Security (%) 65 | 100 23 100 . 100 Level 1 31 | . 69 . . . Level 2 3 | . 7 . . . Level 3 . | . . . . . Level 4 . | . . . . . Level 5 . | . . . . . High Security . | . . . . . Max Security . | . . . . . Squads Dispatched 5 | . 5 . . . Investigation 5 | . 5 . . . Extermination . | . . . . . Reinforcement . | . . . . . Assault . | . . . . . Garrison . | . . . . . Intercept . | . . . . . Searches Triggered . | . . . . . Construction Impeded . | . . . . . Haulers Reinforced . | . . . . . Active Scanning Responses . | . . . . . Cargo Convoy Interrupts . | . . . . . Stealth | -11 -10 -10 -10 -9 --------- Run | Scr Mat Min Exi Min Distress Signals 3 | . 2 1 . . Communications Jammed . | . . . . . Distress Signals . | . . . . . Times Spotted 41 | . 28 11 . 2 Peak Tracking Total 4 | . 4 3 . 2 Tactical Retreats 1 | . 1 . . . Traps | -11 -10 -10 -10 -9 ------- Run | Scr Mat Min Exi Min Traps Triggered 5 | . 5 . . . Indirectly . | . . . . . Trap Hack Attempts . | . . . . . Triggered . | . . . . . Disarmed . | . . . . . Reprogrammed . | . . . . . Reused . | . . . . . Traps Extracted . | . . . . . Installed . | . . . . . Triggered . | . . . . . Machines | -11 -10 -10 -10 -9 ---------- Run | Scr Mat Min Exi Min Machines Disabled 2 | . 2 . . . Max in Single Turn 1 | . 1 . . . Machines Sabotaged . | . . . . . Garrisons Compromised . | . . . . . Overloaded Fab Kills . | . . . . . Hacking | -11 -10 -10 -10 -9 --------- Run | Scr Mat Min Exi Min Machines Accessed 12 | . 11 . 1 . Terminals 8 | . 8 . . . Fabricators . | . . . . . Repair Stations 1 | . 1 . . . Recycling Units 2 | . 2 . . . Scanalyzers . | . . . . . Garrison Access . | . . . . . Total Hacks 41 | . 40 . 1 . Successful 18 | . 17 . 1 . Failed 22 | . 22 . . . Catastrophic 4 | . 4 . . . Database Lockouts 1 | . 1 . . . Manual 33 | . 33 . . . Terminals 32 | . 32 . . . Fabricators . | . . . . . Repair Stations 3 | . 3 . . . Recycling Units 5 | . 5 . . . Scanalyzers . | . . . . . Garrison Access . | . . . . . Terminal Hacks 6 | . 5 . 1 . Record 1 | . . . 1 . Robot Analysis 2 | . 2 . . . Level Access Points 1 | . 1 . . . Branch Access Points 1 | . 1 . . . Terminal Index 1 | . 1 . . . Fabricator Hacks . | . . . . . Repair Station Hacks 2 | . 2 . . . Scan Component 1 | . 1 . . . Repair 1 | . 1 . . . Recycling Unit Hacks 2 | . 2 . . . Retrieve Components 2 | . 2 . . . Scanalyzer . | . . . . . Garrison Access Hacks . | . . . . . Unauthorized Hacks 8 | . 8 . . . Terminals 7 | . 7 . . . Botnet 7 | . 7 . . . Fabricators . | . . . . . Repair Stations . | . . . . . Recycling Units 1 | . 1 . . . Tunnel 1 | . 1 . . . Scanalyzers . | . . . . . Garrison Access . | . . . . . Data Cores Recovered . | . . . . . Used . | . . . . . Hacking Detections 11 | . 11 . . . Full Trace Events 6 | . 6 . . . Feedback Events . | . . . . . Feedback Blocked . | . . . . . Robot Schematics Acquired . | . . . . . Robots Built . | . . . . . Authchips . | . . . . . Time . | . . . . . Total Robot Build Rating . | . . . . . Part Schematics Acquired . | . . . . . Parts Built . | . . . . . Authchips . | . . . . . Time . | . . . . . Total Part Build Rating . | . . . . . Parts Repaired 1 | . 1 . . . Time 32 | . 32 . . . Parts Recycled . | . . . . . Recycled Matter . | . . . . . Retrieved Matter . | . . . . . Retrieved Components 5 | . 5 . . . Parts Scanalyzed . | . . . . . Part Schematics Acquired . | . . . . . Parts Damaged . | . . . . . Bothacking | -11 -10 -10 -10 -9 ------------ Run | Scr Mat Min Exi Min Used RIF Installer . | . . . . . Robots Hacked 5 | . . . 4 1 Non-combat 4 | . . . 3 1 Combat 1 | . . . 1 . Robot Hacks Applied 5 | . . . 4 1 parse_system 4 | . . . 4 . no_distress 1 | . . . . 1 Relay Couplers Released . | . . . . . Fabnet Peak Effective % . | . . . . . Robots Rewired . | . . . . . Allies Hacked . | . . . . . Hacks Repelled . | . . . . . Allies | -11 -10 -10 -10 -9 -------- Run | Scr Mat Min Exi Min Total Allies 1 | . . 1 . . Largest Group 1 | . . 1 . . Highest-Rated Group 31 | . . 31 . . Highest-Rated Ally 31 | . . 31 . . Total Orders . | . . . . . Ally Attacks 5 | . . 5 . . Total Damage 63 | . . 63 . . Kills 1 | . . 1 . . Allies Corrupted . | . . . . . Allies Melted . | . . . . . Intel | -11 -10 -10 -10 -9 ------- Run | Scr Mat Min Exi Min Robot Analysis Total 2 | . 2 . . . Derelict Logs Recovered 2 | . . 2 . . Drone Launches . | . . . . . Drone Recoveries . | . . . . . Exploration | -11 -10 -10 -10 -9 ------------- Run | Scr Mat Min Exi Min Turns Passed 2550 | 137 996 974 358 85 Spaces Moved 1689 | 95 664 575 311 44 Core 2 | 2 . . . . Treads . | . . . . . Legs . | . . . . . Wheels 1687 | 93 664 575 311 44 Hover . | . . . . . Flight . | . . . . . Fastest Speed 50 | 50 80 100 100 115 Average Speed 99 | 79 91 105 111 115 Slowest Speed 125 | 80 125 110 115 115 Overloaded Moves . | . . . . . Propulsion Burnouts . | . . . . . Robots Hopped . | . . . . . Cave-ins Triggered . | . . . . . Exploration Rate (%) 54 | 4 99 96 63 11 Regions Visited 4 Branch Regions 3 Pre-discovered Areas 4 | . 1 2 1 . Known Exits Taken 1 | . 1 . . . Unknown Exits Taken 3 | 1 . 1 1 . Scrap Searched . | . . . . . Spaces Dug . | . . . . . Terrain Destroyed 4 | . . . . 4 Melee . | . . . . . Projectile . | . . . . . AOE 4 | . . . . 4 Terrain Rammed . | . . . . . Walls Destroyed . | . . . . . Machines Disabled . | . . . . . Actions | -11 -10 -10 -10 -9 --------- Run | Scr Mat Min Exi Min Total 2308 | 132 901 884 320 71 Wait 354 | . 64 272 . 18 Move 1685 | 94 663 574 310 44 Hop . | . . . . . Pick Up 40 | 13 24 . 3 . Fast Attach 17 | 6 11 . . . Attach 5 | 1 4 . . . Detach 2 | . 2 . . . Swap 27 | . 14 5 2 6 Drop 40 | 4 31 4 1 . Fire 133 | 14 88 29 . 2 Melee 5 | . . . 4 1 Ram . | . . . . . Kick . | . . . . . Crush . | . . . . . Escape Stasis . | . . . . . Rewire . | . . . . . Trap . | . . . . . Miscellaneous . | . . . . . Route ------- -11/Scrapyard -10/Materials (discovered 5 exits: *Mat x3 / *Min x2) -10/Mines (discovered 2 exits: *Mat / *Exi) -10/Exiles -9/Mines History --------- Turn | Location | Event 13 | -11/Scrapyard | Discovered new exit (range 16) 138 | -11/Scrapyard | Entered Materials 333 | -10/Materials | Build established: Mutant 383 | -10/Materials | Repaired Arm. Wheel 401 | -10/Materials | Discovered new exit (range 8) 461 | -10/Materials | Discovered new exit (range 8) 569 | -10/Materials | Discovered new exit (range 4) 664 | -10/Materials | Discovered new exit (range 9) 669 | -10/Materials | Central database locked down 669 | -10/Materials | Identified exit to Mines 669 | -10/Materials | Identified exit to Materials 1050 | -10/Materials | Core integrity fell below 50% 1134 | -10/Materials | Entered Mines 1229 | -10/Mines | Excavation squad dispatched 1229 | -10/Mines | A large section of the Mines collapsed 1479 | -10/Mines | Excavation squad dispatched 1555 | -10/Mines | Joined a pair of Derelicts in attacking an 0b10 outpost 1693 | -10/Mines | Received a Mining Laser from a helpful Derelict 1729 | -10/Mines | Excavation squad dispatched 1814 | -10/Mines | Learned location of Zion (-6) 1849 | -10/Mines | Discovered exit to Materials (range 3) 1862 | -10/Mines | Learned location of Storage (-9) 2104 | -10/Mines | Deemed a non-threat by the Exiles lab entrance 2104 | -10/Mines | Discovered new exit (range 5) 2108 | -10/Mines | Entered Exiles 2131 | -10/Exiles | Met 8R-AWN 2153 | -10/Exiles | Met EX-HEX 2218 | -10/Exiles | Met EX-DEC 2260 | -10/Exiles | Met EX-BIN 2448 | -10/Exiles | Discovered new exit (range 15) 2466 | -10/Exiles | Entered Mines 2505 | -9/Mines | Assembled infested the area 2510 | -9/Mines | Assisted by a Guerilla fighting off Assembled 2548 | -9/Mines | Core integrity fell below 20% 2551 | -9/Mines | Destroyed by D-53 Grenadier with Mini Grenade Launcher Last Messages --------------- 02304_ Connecting with EX-Message Board... 02304_ Current location identified: Exiles >>Record "MSG001714-01*" PINNED - TO ALL TESTERS: Stay away from Zion. Imprinter means us harm and is serious about it. World map confirmed: -6/Zion. 02434_ Acquired Rigged Fission Core. 02440_ Acquired Rigged Nuclear Core. 02448_ EXIT=FOUND LOCATION=UNKNOWN GOAL=ESCAPE 02479_ Sneak attack on T-07 Excavator. 02479_ Jacked T-07 Excavator... >>no_distress Distress signal routine blocked. 02482_ T-07 Excavator destroyed. 02486_ Acquired 19 matter. 02505_ ALERT: Infestation in the mines, dispatching Demolisher response squad. 02543_ C-30 ARC bursts open, deploying its payload. 02548_ The unstable cave ceiling collapses. Map ----- +----------------------------------------------------+ | ?????????????????????????????????????????????????? | | ?????????????????????????????????????????????????? | | ?????????????????????????????????????????????????? | | ?????????????????????????????????????????????????? | | ?????????????????????????????????????????????????? | | ?????????????????????????????????????????????????? | | ?????????????????????????????????????????????????? | | ?????????????????????????????????????????????????? | | ?????????????????????????????????????????????????? | | ?????????????????????????????????????????????????? | | ?????????????????????????????????????????????????? | | ?????????????????????##??????????????????????????? | | ????????????????????? ???????????????????????????? | | ????????????????????? ???????????????????????????? | | ??????????????????### ???????????????????????????? | | ??????????????????# ???????????????????????????? | | ??????????????????# ???????????????????????????? | | ??????????????????# #???????????????????????????? | | ??????????????????# #???????????????????????????? | | ??????????????????# #???????????????????????????? | | ??????????????????# ########????????????????????? | | ?????????????????## %# # ##???????????????????? | | ?????????????????# r ##??????????????????? | | ?????????????????# dd #??????????????????? | | ?????????????????## #??????????????????? | | ??????????????????## @ #??????????????????? | | ???????????????????# #??????????????????? | | ???????????????????# # #??????????????????? | | ???????????????????# # ##??????????????????? | | ???????????????????# ## ###???????????????????? | | ???????????????????# #######?????????????????????? | | ???????????????????# #######?????????????????????? | | ???????????????????# #?????????????????????? | | ???????????????????####### #?????????????????????? | | ??????????????????###????# #####?????????????????? | | ?????????????????## ##??# #?????????????????? | | ?????????????????# #?##### #?????????????????? | | ?????????????????# ####?# #?????????????????? | | ?????????????????# #?# #####?????????????? | | ?????????????????## #?# #?????????????? | | ??????????????????### #?# ### #?????????????? | | ????????????????????## ### #?????????????????? | | ?????????????????????### ## #?????????????????? | | ???????????????????????## !#?????????????????? | | ????????????????????????## #####?????????????????? | | ?????????????????????????###?????????????????????? | | ?????????????????????????????????????????????????? | | ?????????????????????????????????????????????????? | | | | | +----------------------------------------------------+ Best States ------------- Heat Dissipation 25 Energy Generation 14 Energy Capacity 280 Matter Stores 300 Matter Capacity 300 Sight Range 16 Terrain Scan Density 10 Armor Coverage 150 Evasion (%) 44 Item Schematics ----------------- None Robot Schematics ------------------ None Fabricated ------------ Nothing Alien Tech Used ----------------- None Achievements -------------- None Challenges ------------ None Game ------ Seed FireCooledArmor Manual? 0 Play Time 00:21:28 Cumulative 543.0 hours Start 2022.06.01 @ 09:05:38 End 2022.06.01 @ 09:35:21 Sessions 1 Manual Loads 0 Difficulty Rogue Special Mode None Game No. 437 Rogue 437 Adventurer 0 Explorer 0 Win Type - Total 5 Types 4/0/0/1/0/0/0/0/0 Lore% 71 Gallery% 83 Achievement% 66 Wizard Run 0 Options --------- ASCII 0 Keyboard 1 Movement Numpad Keybinds 0 Fullscreen 1 Font 12/Terminus Map View 83x54 Tactical HUD 1 Map Filters NONE Filters NONE Steam 1 RUN: dc0122c8-8f33-444d-889f-c799e491610f